 Dungeon Crawl Stone Soup version 0.30-a0-634-g8abc85282e (webtiles) character file.

Game seed: 17604374754846446024

1817 arthad the Summoner (level 8, -3/49 HPs)
             Began as a Felid Summoner on Jan 15, 2023.
             Was an Initiate of Gozag.
             Succumbed to a water moccasin's poison
             ... on level 7 of the Dungeon.
             The game lasted 00:29:52 (6944 turns).

arthad the Summoner (Felid Summoner)                Turns: 6944, Time: 00:29:53

Health: -3/49      AC: 24    Str:  4    XL:     8   Next: 85%
Magic:  5/18       EV:  4    Int: 25    God:    Gozag
Gold:   787        SH:  0    Dex: 16    Spells: 2/19 levels left
                                        Lives:  0   Deaths: 2

rFire   . . .      SeeInvis +    (weapon unavailable)
rCold   . . .      Faith    .    (shield unavailable)
rNeg    . . .      Spirit   .    (body armour unavailable)
rPois   +          Reflect  .    (helmet unavailable)
rElec   .          Harm     .    (cloak unavailable)
rCorr   .          Rampage  .    (gloves unavailable)
Will    +....      NoTele   +    (boots unavailable)
Stlth   ++                       (no amulet)
HPRegen 0.28/turn                g - ring of poison resistance
MPRegen 0.16/turn                e - +6 ring of intelligence

@: lethally poisoned (-3 -> -27), tree-form
A: stationary, stasis, torment immunity, boosted hp, very small, (claws 1),
(fangs 3), see invisible, (speed 1), (shaggy fur 2), (stealthy paws), no weapons
or thrown items, no armour, multi-lived
a: Renounce Religion, Potion Petition, Call Merchant, Bribe Branch


You were on level 7 of the Dungeon.
You worshipped Gozag.
Gozag was pleased with you.
You were a tree.
You visited 2 branches of the dungeon, and saw 8 of its levels.
You also visited: Sewer.

You collected 858 gold pieces.
You paid 71 gold pieces to Gozag.

Inventory:

Jewellery
 e - a +6 ring of intelligence (right branch)
 g - a ring of poison resistance (left branch)
 n - a ring of positive energy
Wands
 b - a wand of flame (8)
 v - a wand of polymorph (9)
Scrolls
 d - a scroll of torment
 f - a scroll of poison {unknown}
 j - a scroll of teleportation {unknown}
 l - a scroll of silence {unknown}
 m - 2 scrolls of enchant armour {unknown}
 s - 2 scrolls of immolation {unknown}
 t - a scroll of fear {unknown}
 u - a scroll of vulnerability {unknown}
 w - 2 scrolls of noise {unknown}
 x - a scroll of identify
 y - a scroll of enchant weapon {unknown}
 z - a scroll of butterflies {unknown}
 A - a scroll of magic mapping
 B - a scroll of blinking {unknown}
 C - a scroll of fog {unknown}
Potions
 a - 2 potions of magic
 c - a potion of mutation
 i - a potion of cancellation {unknown}
 k - a potion of attraction {unknown}
 o - a potion of flight
 p - a potion of haste
 r - a potion of resistance


   Skills:
 + Level 2.0 Fighting
 + Level 4.1 Dodging
 - Level 2.6 Stealth
 * Level 6.3 Spellcasting
 + Level 6.6 Hexes
 * Level 8.6 Summonings
 + Level 1.2 Necromancy
 * Level 4.7 Air Magic


You had 2 spell levels left.
You knew the following spells:

 Your Spells              Type           Power      Damage    Failure   Level
a - Summon Small Mammal   Summ           100%       N/A       1%          1
b - Call Imp              Summ           50%        N/A       1%          2
c - Call Canine Familiar  Summ           50%        N/A       1%          3
d - Summon Guardian Gole  Hex/Summ       46%        N/A       1%          3
e - Summon Lightning Spi  Summ/Air       41%        N/A       4%          4
f - Anguish               Hex/Necr       13%        N/A       14%         4

Your spell library contained the following spells:

 Spells                   Type           Power      Damage    Failure   Level
 Ensorcelled Hibernation  Hex/Ice        48%        N/A       2%          2
 Beastly Appendage        Tmut           14%        N/A       7%          1
 Passwall                 Tmut/Erth      5%         N/A       11%         2
 Wereblood                Tmut           7%         N/A       11%         2
 Swiftness                Air            31%        N/A       3%          3
 Gell's Gravitas          Tloc           7%         N/A       22%         3
 Lesser Beckoning         Tloc           14%        N/A       22%         3
 Spider Form              Tmut/Pois      7%         N/A       22%         3
 Stone Arrow              Conj/Erth      14%        3d7       22%         3
 Teleport Other           Tloc           7%         N/A       22%         3
 Enfeeble                 Hex            20%        N/A       99%         7
 Lehudib's Crystal Spear  Conj/Erth      3%         10d3      100%        8
 Animate Armour           Summ/Erth      Unusable   N/A       N/A         4

Dungeon Overview and Level Annotations

Branches:
Dungeon (7/15)             Temple (1/1) D:4           Sewer (visited)

Altars:
Ashenzari
Cheibriados
Dithmenos
Elyvilon
Fedhas
Gozag
Hepliaklqana
Kikubaaqudgha
Makhleb
Nemelex Xobeh
Okawaru
Qazlal
Ru
Sif Muna
Trog
Uskayaw
Vehumet
Wu Jian
Xom
Yredelemnul
Zin
The Shining One

Shops:
D:1 (


Innate Abilities, Weirdness & Mutations

You are a tree.
Your roots penetrate the ground, keeping you stationary.
You cannot be teleported.
You are immune to unholy pain and torment.
Your maximum health is greatly increased.
((You have sharp claws.))
((You have razor-sharp teeth.))
You have supernaturally acute eyesight. (SInv)
((You cover ground quickly. (Speed+)))
((You are covered in thick fur. (AC +2)))
((Your paws help you pounce on unaware monsters.))
You are incapable of wielding weapons or throwing items.
You cannot wear armour.
You gain extra lives every three experience levels.


Message History

The kobold brigand throws a poisoned dart.
The poisoned dart closely misses you. The kobold barely misses you.
The kobold hits you with a +0 short sword.
* * * LOW HITPOINT WARNING * * *
Your quokka closely misses the kobold.
Your wolf bites the kobold brigand.
Your quokka bites the kobold.
The kobold dies!
The kobold brigand hits your wolf with a +0 dagger.
The kobold misses you.
Your crimson imp blinks!
You feel better.
Your guardian golem disappears in a puff of smoke!
Your wolf barely misses the kobold brigand.
Your quokka barely misses the kobold.
The water moccasin bites you.
You are lethally poisoned!
The water moccasin poisons you!
Your wolf closely misses the kobold brigand.
Your quokka closely misses the kobold brigand.
The kobold brigand barely misses your wolf.
Your crimson imp blinks!
The kobold hits you with a +0 short sword.
* * * LOW HITPOINT WARNING * * *
It was a potion of flight.
You feel very buoyant.
You fly up into the air.
* * * LOW HITPOINT WARNING * * *
You feel very sick.
Your wolf bites the kobold brigand!
The water moccasin bites you.
* * * LOW HITPOINT WARNING * * *
You are more poisoned.
The water moccasin poisons you!
Your quokka misses the kobold.
Your quokka closely misses the kobold brigand.
Your wolf closely misses the kobold brigand.
The kobold brigand hits your wolf but does no damage.
The kobold misses you. The water moccasin misses you.
Your crimson imp blinks!
It was a potion of lignification.
You turn into a tree.
Your roots penetrate the ground.
You die...
Your body crumbles into a pile of gold.

#.....#
#.....# .
#.....# ..
#.....# ....
#.....# .....
....#
.....####'###
........S...#
.......♣KrK§#
.........r$h#
.....$.$$.§.#
....$.$.$...#
..$....5.<..#
..$.....$...#
..#+#########
..


You could see a water moccasin (ally target), a kobold brigand (distracted, ally
target), a kobold, a friendly wolf (summoned), a friendly crimson imp (summoned)
and 2 friendly quokkas.

Vanquished Creatures
  An adder (D:4)
  2 orcs
  2 hobgoblins
  2 bats
  A kobold (D:1)
  A rat (D:6)
9 creatures vanquished.

Vanquished Creatures (collateral kills)
  Grinder (D:6)
  Eustachio (D:4)
  A wyvern (D:6)
  Pargi (Sewer)
  2 black bears
  3 ogres (D:5)
  A phantom (D:6)
  Blork the orc (D:6)
  A bullfrog (D:7)
  A necrophage (D:6)
  A howler monkey (D:7)
  A hound (D:4)
  5 orc priests
  A jelly (D:5)
  3 iguanas
  2 orc wizards
  3 gnolls (D:6)
  3 adders
  2 river rats (D:6)
  2 white imps
  A worm (D:3)
  2 dart slugs (D:3)
  21 orcs
  8 ball pythons
  7 endoplasms
  7 giant cockroaches
  7 goblins
  A hobgoblin (D:4)
  13 kobolds
  7 quokkas
  3 bats (D:3)
  4 frilled lizards
  6 rats
123 creatures vanquished.

Vanquished Creatures (others)
  A two-headed ogre (D:5)
  Menkaure (D:5)
  An orc warrior (D:7)
  An ice beast (D:7)
  2 plants (D:2)
6 creatures vanquished.

Grand Total: 138 creatures vanquished

Notes
Turn   | Place    | Note
-------+----------+-------------------------------------------
     0 | D:1      | arthad the Felid Summoner began the quest for the Orb.
     0 | D:1      | Reached XP level 1. HP: 7/7 MP: 4/4
   134 | D:1      | Found Koahuebb's Weapon Boutique.
   387 | D:1      | Reached XP level 2. HP: 11/11 MP: 3/6
  1082 | D:2      | Found a shimmering blue altar of Sif Muna.
  1360 | D:2      | Learned a level 2 spell: Call Imp
  1392 | D:2      | Reached skill level 5 in Summonings
  1445 | D:2      | Reached XP level 3. HP: 14/14 MP: 1/7
  1449 | D:2      | Learned a level 3 spell: Call Canine Familiar
  2058 | D:3      | Reached skill level 1 in Hexes
  2117 | D:3      | You fall into a shaft and drop 1 floor!
  2205 | D:4      | Found a staircase to the Ecumenical Temple.
  2214 | D:4      | Reached XP level 4. HP: 5/18 MP: 1/8
  2221 | Temple   | Entered the Ecumenical Temple
  2556 | Temple   | Became a worshipper of Gozag Ym Sagoz the Greedy
  2789 | D:4      | Reached skill level 1 in Air Magic
  2833 | D:4      | Reached XP level 5. HP: 12/21 MP: 0/9
  3387 | D:3      | Found a faded altar of an unknown god.
  3738 | D:4      | Noticed Eustachio
  3763 | D:4      | Killed Eustachio
  3764 | D:4      | Gained mutation: You are covered in thick fur. (AC +2)
                  | [Felid growth]
  3764 | D:4      | Reached XP level 6. HP: 16/24 MP: 4/11
  3874 | D:5      | Entered Level 5 of the Dungeon
  3891 | D:5      | Reached skill level 6 in Summonings
  4123 | D:5      | Reached XP level 7. HP: 27/27 MP: 2/13
  4127 | D:5      | Learned a level 3 spell: Summon Guardian Golem
  4132 | D:5      | Learned a level 4 spell: Summon Lightning Spire
  4478 | D:5      | Killed from afar by an orc priest
  4479 | D:5      | Reached XP level 6. HP: 0/24 MP: 4/12
  4683 | D:5      | Noticed Menkaure
  4700 | D:5      | Killed Menkaure
  4701 | D:5      | Reached skill level 5 in Hexes
  4701 | D:5      | Reached XP level 7. HP: 21/27 MP: 9/14
  4861 | D:5      | Reached skill level 7 in Summonings
  5078 | D:5      | Noticed a two-headed ogre
  5091 | D:5      | Killed a two-headed ogre
  5092 | D:5      | Reached skill level 5 in Spellcasting
  5092 | D:5      | Reached XP level 8. HP: 31/31 MP: 9/17
  5510 | D:5      | Slain by a gnoll sergeant
  5511 | D:5      | Reached XP level 7. HP: -2/27 MP: 14/16
  5582 | D:6      | Reached skill level 8 in Summonings
  5812 | D:6      | Noticed Grinder
  5852 | D:6      | Reached skill level 1 in Fighting
  5876 | D:6      | Killed Grinder
  5877 | D:6      | Reached XP level 8. HP: 17/32 MP: 0/17
  6125 | D:6      | Found a glowing drain.
  6130 | Sewer    | Entered a sewer
  6136 | Sewer    | Learned a level 4 spell: Anguish
  6138 | Sewer    | Noticed Pargi
  6147 | Sewer    | Killed Pargi
  6466 | D:6      | Noticed Blork the orc
  6477 | D:6      | Killed Blork the orc
  6765 | D:6      | Found a bloodstained altar of Trog.
  6773 | D:6      | Found a sparkling altar of Nemelex Xobeh.
  6907 | D:7      | Reached skill level 1 in Necromancy
  6944 | D:7      | Succumbed to a water moccasin's poison

Illustrated notes

Levels and vault maps discovered:
D:1:      dpeg_arrival_renting, layout_basic, serial_shops,
          nicolae_shop_bloodbath_and_beyond
D:2:      layout_loops_ring, basic_altar, serial_bayou_pond_b
D:3:      layout_basic, shapermc_ecumenical_altar_hornbeckon, grunt_ministairs_7
D:4:      layout_rooms, minmay_temple_entry_proselytizer, uniq_eustachio
D:5:      layout_basic, dk_noncrumbling_2, minivault_25, uniq_menkaure
D:6:      layout_rooms, amethyst_overflow_temple_binary, gup_sewer_entry_spiral,
          uniq_grinder, uniq_blork_the_orc
D:7:      layout_gridville, uniq_joseph
Temple:   mainiacjoe_temple_big_plus

Skill      XL: |  1  2  3  4  5  6  7  8 |
---------------+-------------------------+-----
Summonings     | 5 6 8 |  8.6
Hexes          | 2 3 5 6 |  6.6
Air Magic      | 1 2 4 |  4.7
Spellcasting   | 3 4 5 6 |  6.3
Dodging        | 3 4 |  4.1
Fighting       | 1 2 |  2.0
Necromancy     | 1 |  1.2
Stealth        | |  2.6

Action                   |  1- 3 |  4- 6 |  7- 9 || total
-------------------------+-------+-------+-------++-------
Melee: Unarmed           |    23 |    35 |    23 ||    81
       Bite              |     1 |     9 |     3 ||    13
 Cast: Summon Small Mamm |    63 |    20 |    28 ||   111
       Call Imp          |     9 |    13 |    15 ||    37
       Call Canine Famil |     5 |    14 |    23 ||    42
       Summon Guardian G |       |     1 |    11 ||    12
       Summon Lightning  |       |       |     4 ||     4
Evoke: Wand              |       |       |     2 ||     2
  Use: Scroll            |       |       |     5 ||     5
       Potion            |       |       |     5 ||     5
 Stab: Distracted        |       |     3 |     1 ||     4
       Sleeping          |       |       |     1 ||     1
Armor: Skin              |     2 |     8 |     3 ||    13
Dodge: Dodged            |    30 |    52 |    53 ||   135

Table legend: (Time is in decaauts)
 A = Elapsed time spent in this place.
 B = Non-inter-level travel time spent in this place.
 C = Inter-level travel time spent in this place.
 D = Time resting spent in this place.
 E = Time spent auto-exploring this place.
 F = Levels seen in this place.
 G = Mean time per level.
                   A        B        C        D        E       F      G
               +--------+--------+--------+--------+--------+-----+--------+
         Total |   6169 |   5965 |    204 |    112 |   4538 |   9 |  685.4 |
       Dungeon |   5531 |   5356 |    175 |    112 |   3974 |   7 |  790.1 |
        Temple |    446 |    417 |     29 |      0 |    410 |   1 |  446.0 |
         Sewer |    191 |    191 |      0 |      0 |    153 |   1 |  191.0 |
               +--------+--------+--------+--------+--------+-----+--------+

Top non-repeatable levels by time:
     D:5: 1480 daAuts
     D:6: 1061 daAuts
     D:2: 852 daAuts
     D:3: 818 daAuts
     D:4: 647 daAuts
     D:1: 623 daAuts
  Temple: 446 daAuts
   Sewer: 191 daAuts
     D:7: 48 daAuts
